 Dungeon Crawl Stone Soup version 0.10.4 character file.

387 MordorOrchid the Firebug (level 6, 0/37 HPs)
             Began as an Octopode Fire Elementalist on June 29, 2020.
             Shot with an arrow by a centaur (14 damage)
             ... on Level 5 of the Dungeon.
             The game lasted 00:18:16 (4481 turns).

MordorOrchid the Firebug (OpFE)                     Turns: 4481, Time: 00:18:16

HP   0/37        AC  1     Str  7      XL: 6   Next:  1%
MP   2/12        EV 13     Int 19      God:
Gold 159         SH  0     Dex 13      Spells:  4 memorised,  2 levels left

Res.Fire  : . . .   See Invis. : .   b - +0 blowgun
Res.Cold  : . . .   Warding    : . . (no shield)
Life Prot.: . . .   Conserve   : .   (helmet restricted)
Res.Acid. : . . .   Res.Corr.  : .   (no amulet)
Res.Poison: .       Clarity    : .   (no ring)
Res.Elec. : .       Spirit.Shd : .   (no ring)
Sust.Abil.: . .     Stasis     : .   (no ring)
Res.Mut.  : .       Ctrl.Telep.: .   (no ring)
Res.Rott. : .       Levitation : .   (no ring)
Saprovore : . . .   Ctrl.Flight: .   (no ring)
                                     (no ring)
                                     (no ring)

@: very slightly contaminated, slightly resistant to hostile enchantments, quite
stealthy
A: almost no armour, amphibious, constrict 8, camouflage 1, tentacles 3, AC +1
a: no special abilities


You were on level 5 of the Dungeon.
You were hungry.

You visited 1 branch of the dungeon, and saw 5 of its levels.

You collected 139 gold pieces.

Inventory:

Hand weapons
 b - a +0 blowgun (weapon)
 h - a +0,+0 short sword
 s - a +0,+2 orcish dagger
 C - a -1,+1 orcish dagger
Missiles
 d - 24 +0 arrows of flame
 e - 21 +0 darts
 j - 35 +0 arrows
 l - 55 +0 sling bullets
 w - a +0 throwing net
 y - 14 poisoned +0 needles (quivered)
Comestibles
 c - 2 bread rations
 g - a chunk of worker ant flesh
 i - 3 chokos
 p - a royal jelly
 x - a rotting chunk of worm flesh
Scrolls
 a - a scroll of recharging
 f - 3 scrolls of remove curse
 m - a scroll of enchant weapon II
 n - a scroll of enchant weapon I
 o - 2 scrolls of blinking
 q - a scroll of curse jewellery {unknown}
 u - a scroll of enchant armour {unknown}
 B - a scroll of fear {unknown}
Potions
 k - a potion of invisibility {unknown}
 r - 2 potions of heal wounds
 t - a potion of curing {unknown}
 z - a potion of might {unknown}
 A - a potion of resistance {unknown}
Books
 v - a book of Flames

   Spells                             Type                      Level
   *Flame Tongue                      Conjuration/Fire             1
   *Throw Flame                       Conjuration/Fire             2
   *Conjure Flame                     Conjuration/Fire             3
   *Inner Flame                       Hexes/Fire                   3
   Sticky Flame                       Conjuration/Fire             4
   Fireball                           Conjuration/Fire             5


   Skills:
 * Level 2.1 Fighting
 + Level 0.5 Short Blades
 * Level 2.9 Dodging
 - Level 3.4 Stealth
 * Level 3.2 Spellcasting
 * Level 3.3 Conjurations
 + Level 4.1 Fire Magic


You had 2 spell levels left.
You knew the following spells:

 Your Spells              Type           Power        Failure   Level  Hunger
a - Flame Tongue          Fire/Conj      ####..       3%          1    None
b - Throw Flame           Fire/Conj      ####...      6%          2    Strawberry
c - Conjure Flame         Fire/Conj      ####.....    12%         3    Choko
d - Inner Flame           Fire/Hex       ###......    21%         3    Choko

Dungeon Overview and Level Annotations

Branches:
Dungeon (5/27)
 Temple: D:4-7

Altars:
The Shining One

Annotations
D:2 exclusion: downstairs
D:5 exclusion: phantom


Innate Abilities, Weirdness & Mutations

You cannot wear most types of armour.
You can wear up to eight rings at the same time.
You are amphibious.
You can use your tentacles to constrict many enemies at once.
Your rubbery body absorbs attacks (AC +1).
Your skin changes colour to match your surroundings (Stlth).
You have a mass of large tentacles instead of arms.


Message History

The centaur shoots an arrow.
The arrow misses you.
A quokka comes into view.
Casting: Throw Flame
Confirm with . or Enter, or press ? or * to list all spells.
Aiming: Throw Flame
Press: ? - help, Shift-Dir - straight line, f/p - centaur
Aim: a centaur, wielding a bow (moderately wounded)
The puff of flame hits the centaur.
The centaur is heavily wounded.
The centaur shoots an arrow.
The arrow hits you!
The centaur shoots an arrow.
The arrow misses you.
The quokka moves out of view.
Casting: Throw Flame
Confirm with . or Enter, or press ? or * to list all spells.
Aiming: Throw Flame
Press: ? - help, Shift-Dir - straight line, f/p - centaur
Aim: a centaur, wielding a bow (heavily wounded)
You miscast Throw Flame.
You are very lightly contaminated with residual magic.
Your skin tingles.
The centaur shoots an arrow.
The arrow hits you!
You die...

#######....
#@(........
###........
.c.....
..OK[..
.c.....
......
..... =...
.


You could see an ogre, a centaur and a kobold.

Vanquished Creatures
  An orc priest (D:3)
  An iguana (D:3)
  2 worker ants
  2 adders
  A giant mite (D:1)
  2 worms
  2 giant geckos
  An ooze (D:1)
  4 orcs (D:3)
  A ball python (D:1)
  18 bats
  7 giant cockroaches
  10 goblins
  6 hobgoblins
  10 kobolds
  A quokka (D:2)
  3 giant newts
  A hobgoblin skeleton (D:4)
  11 rats
  A toadstool (D:3)
85 creatures vanquished.

Vanquished Creatures (others)
  A jackal (D:5)
  2 kobolds
  6 toadstools
9 creatures vanquished.

Grand Total: 94 creatures vanquished

Notes
Turn   | Place    | Note
--------------------------------------------------------------
     0 | D:1      | MordorOrchid, the Octopode Fire Elementalist, began the quest for the Orb.
     0 | D:1      | Reached XP level 1. HP: 11/11 MP: 3/3
   413 | D:1      | Reached XP level 2. HP: 17/17 MP: 1/4
   417 | D:1      | Learned a level 2 spell: Throw Flame
   818 | D:1      | Reached XP level 3. HP: 17/21 MP: 3/6
   964 | D:1      | Reached skill level 1 in Fighting
  1439 | D:2      | Learned a level 3 spell: Conjure Flame
  2071 | D:2      | Reached XP level 4. HP: 27/27 MP: 5/8
  2203 | D:3      | Found a glowing golden altar of the Shining One.
  2855 | D:3      | Reached XP level 5. HP: 29/31 MP: 2/10
  3151 | D:3      | Reached skill level 4 in Fire Magic
  3413 | D:3      | Learned a level 3 spell: Inner Flame
  4295 | D:5      | Entered Level 5 of the Dungeon
  4310 | D:5      | Reached XP level 6. HP: 37/37 MP: 1/12
  4481 | D:5      | Shot with an arrow by a centaur
